 Dungeon Crawl Stone Soup version 0.31-a0-229-g1fc7ce93e2 (webtiles) character file.

Game seed: 1726883322605534316

105 qw the Shooter (level 4, -6/36 HPs)
             Began as a Minotaur Hexslinger on July 6, 2023.
             Killed from afar by Sigmund (8 damage)
             ... with a puff of flame
             ... on level 3 of the Dungeon.
             The game lasted 00:00:53 (2154 turns).

qw the Shooter (Minotaur Hexslinger)                Turns: 2154, Time: 00:00:53

Health: -6/36      AC:  7    Str: 12    XL:     4   Next: 54%
Magic:  4/4        EV: 11    Int: 10    God:
Gold:   152        SH:  0    Dex: 15    Spells: 4/5 levels left

rFire   . . .        Y - +1 sling (freeze)
rCold   + . .        (no shield)
rNeg    . . .        j - +0 ring mail {rC+}
rPois   .            (helmet restricted)
rElec   .            (no cloak)
rCorr   .            e - +0 pair of gloves
SInv    .            g - +0 pair of boots
Will    .....        (no amulet) Stlth
                     (no ring)
HPRegen 0.26/turn    (no ring)
MPRegen 0.09/turn

%: no passive effects
@: confused
A: horns 2, retaliatory headbutt
a: no special abilities


You were on level 3 of the Dungeon.
You visited 1 branch of the dungeon, and saw 3 of its levels.

You collected 152 gold pieces.


Innate Abilities, Weirdness & Mutations

You have a pair of horns on your head.
You reflexively headbutt those who attack you in melee.


   Skills:
 - Level 2.0 Fighting
 + Level 4.9 Ranged Weapons
 - Level 1.0 Armour
 - Level 2.1 Dodging
 - Level 1.0 Spellcasting
 - Level 2.0 Hexes


You had 4 spell levels left.
You knew the following spells:

 Your Spells              Type           Power      Damage    Failure   Level
a - Slow                  Hex            16%        N/A       34%         1

Your spell library contained the following spells:

 Spells                   Type           Power      Damage    Failure   Level
 Inner Flame              Hex/Fire       2%         N/A       83%         3
 Portal Projectile        Hex/Tloc       4%         N/A       83%         3
 Cause Fear               Hex            2%         N/A       98%         4

Inventory:

Hand Weapons
 Y - a +1 sling of freezing (weapon)
Armour
 e - a +0 pair of gloves (worn)
 g - a +0 pair of boots (worn)
 j - a +0 ring mail of cold resistance (worn)
Jewellery
 b - a ring of protection from fire
Scrolls
 a - a scroll of blinking {unknown}
 c - a scroll of identify
Potions
 d - 2 potions of invisibility {unknown}
 f - a potion of brilliance {unknown}
 h - a potion of mutation {unknown}
 k - 2 potions of degeneration {unknown}

Dungeon Overview and Level Annotations

Branches:
Dungeon (3/15)

Altars:
Makhleb

Annotations:
D:3 Sigmund


Message History

Deactivating autopickup; reactivate with Ctrl-A.
You shoot a sling bullet. Something hits you.
You shoot a sling bullet.
A magic dart appears from out of thin air!
The magic dart hits you.
You shoot a sling bullet. Something hits you.
You shoot a sling bullet. Something hits you!
You shoot a sling bullet. Something hits you!
You shoot a sling bullet. Something hits you.
You shoot a sling bullet. Something hits you but does no damage.
You shoot a sling bullet. You shoot a sling bullet.
Something hits you but does no damage.
You shoot a sling bullet. Something completely misses you.
You shoot a sling bullet. Something hits you but does no damage.
You shoot a sling bullet. Something hits you.
You shoot a sling bullet. Something hits you.
You shoot a sling bullet.
You hear some strange, mumbled words.
You are confused.
You shoot a sling bullet.
You hear some strange, mumbled words.
You are more confused.
You shoot a sling bullet. Something hits you.
You shoot a sling bullet.
You hear some strange, mumbled words.
A puff of flame appears from out of thin air!
The puff of flame hits you!
You die...

#.##.##..%##.# #.#
# #.........##.#
#.# #
####.#.#..##.###.#
# #.#.#..##.....#
#.#.#..######.# #
#.#.#.......#.# #
#.#.##.####.#.# #
#.#.##.####.#.####
#@#.##............
#.#.#######.###.##
#{#.######..# #...
#.#.........###.##
#.#########.....##
#.# ######## #.# #
#.. . #


There were no monsters in sight!

Vanquished Creatures
  3 adders (D:3)
  2 worms (D:3)
  3 dart slugs
  An orc (D:3)
  5 ball pythons
  5 bats
  7 endoplasms
  6 giant cockroaches
  7 goblins
  2 hobgoblins
  4 jackals (D:1)
  2 quokkas
  4 frilled lizards
  3 kobolds
  7 rats
61 creatures vanquished.

Notes
Turn   | Place    | Note
-------+----------+-------------------------------------------
     0 | D:1      | qw the Minotaur Hexslinger began the quest for the Orb.
     0 | D:1      | Reached XP level 1. HP: 16/16 MP: 1/1
     0 | D:1      | 0 ||| qw: Version: 0.3-a-46-gb1f654a
     0 | D:1      | 0 ||| qw: Game counter: 1261
     0 | D:1      | 0 ||| qw: Melee chars always use a shield: true
     0 | D:1      | 0 ||| qw: God list: Okawaru
     0 | D:1      | 0 ||| qw: Allow faded altars: false
     0 | D:1      | 0 ||| qw: Do Orc after clearing Dungeon:15 true
     0 | D:1      | 0 ||| qw: Do second Lair branch before Depths: true
     0 | D:1      | 0 ||| qw: Lair rune preference: random
     0 | D:1      | 0 ||| qw: Goals: Normal
     0 | D:1      | 0 ||| PLANNING D:1-11
   147 | D:1      | Reached skill level 3 in Ranged Weapons
   147 | D:1      | Reached XP level 2. HP: 23/23 MP: 2/2
   538 | D:1      | Reached XP level 3. HP: 29/29 MP: 3/3
   781 | D:1      | 781 ||| UPGRADING to +0 ring mail.
   791 | D:1      | 791 ||| DROPPING +0 robe.
   792 | D:1      | 792 ||| UPGRADING to +0 pair of gloves.
   797 | D:1      | 797 ||| DROPPING scroll of poison.
   858 | D:2      | Found a faded altar of an unknown god.
   886 | D:2      | Reached skill level 4 in Ranged Weapons
  1289 | D:2      | Reached skill level 1 in Armour
  1483 | D:2      | 1483 ||| UPGRADING to +0 pair of boots.
  1488 | D:2      | 1488 ||| UPGRADING to +0 ring mail of cold resistance.
  1498 | D:2      | 1498 ||| DROPPING +0 ring mail.
  1499 | D:2      | 1499 ||| READING scroll labelled IRRUTI YZACER.
  1500 | D:2      | 1500 ||| READING 2 scrolls labelled OSAN ICECOQUECW.
  1501 | D:2      | 1501 ||| READING scroll labelled HEYSUOLEIRR.
  1537 | D:3      | Found a burning altar of Makhleb.
  1601 | D:3      | Reached XP level 4. HP: 36/36 MP: 4/4
  2123 | D:3      | Noticed Sigmund
  2143 | D:3      | HP: 7/36 [something (5)]
  2149 | D:3      | HP: 7/36 [something (2)]
  2150 | D:3      | HP: 2/36 [something (5)]
  2154 | D:3      | Killed from afar by Sigmund

Levels and vault maps discovered:
D:1:      amcnicky_arrival_underground_garden, layout_basic,
          minmay_misc_feat_rugged
D:2:      layout_basic, shapermc_ecumenical_altar_acropolis, minmay_ruptured
D:3:      minmay_evil_eye, layout_loops_ring, bloody_makhleb, uniq_sigmund

Skill      XL: |  1  2  3 |
---------------+----------+-----
Ranged Weapons | 3 4 |  4.9
Fighting       | 2 |  2.0
Armour         | 1 |  1.0
Dodging        | |  2.1
Spellcasting   | |  1.0
Hexes          | |  2.0

Action                     |  1- 3 |  4- 6 || total
---------------------------+-------+-------++-------
   Fire: Sling             |   157 |    58 ||   215
    Use: Scroll            |     3 |       ||     3
 Armour: Robe              |    12 |       ||    12
         Ring mail         |     8 |    13 ||    21
  Dodge: Dodged            |    57 |    11 ||    68

Table legend:
 A = Non-vault XP
 B = Vault XP
 C = Vault XP percentage of total XP
 D = Non-vault monster count
 E = Vault monster count
 F = Vault count percentage of total count
                 A         B        C        D         E       F
            +---------+---------+-------+---------+---------+-------
      Total |     109 |      42 |  27.8 |      52 |       9 |  14.8
            +---------+---------+-------+---------+---------+-------
        D:1 |      56 |       0 |   0.0 |      32 |       0 |   0.0
        D:2 |      22 |       4 |  15.4 |      11 |       2 |  15.4
        D:3 |      31 |      38 |  55.1 |       9 |       7 |  43.8
            +---------+---------+-------+---------+---------+-------
